 Dungeon Crawl Stone Soup version 0.29-a0-384-g6960b1960d (webtiles) character file.

Game seed: 15870449329318472292

9 spaghetti the Ruffian (level 2, 10/26 (29) HPs)
             Began as a Troll Delver on May 6, 2022.
             Quit the game on level 6 of the Dungeon.
             The game lasted 00:00:21 (81 turns).

spaghetti the Ruffian (Troll Delver)                  Turns: 81, Time: 00:00:22

HP:   10/26 (29)    AC:  4    Str: 19    XL:     2   Next: 6%
MP:   1/1           EV:  9    Int:  6    God:
Gold: 0             SH:  0    Dex: 11    Spells: 1/1 levels left

rFire   . . .      SeeInvis .     - Unarmed
rCold   . . .      Faith    .   (no shield)
rNeg    . . .      Spirit   .   a - +0 robe
rPois   .          Reflect  .   (helmet restricted)
rElec   .          Harm     .   (no cloak)
rCorr   .          Rampage  .   (gloves unavailable)
Will    .....                   (boots unavailable)
Stlth   ++........              (no amulet)
HPRegen 0.88/turn               (no ring)
MPRegen 0.07/turn               (no ring)

@: hasted, heavily drained, very quick
A: large, unfitting armour, claws 3, regeneration 1, shaggy fur 1, tough skin 1
a: no special abilities


You were on level 6 of the Dungeon.
You visited 1 branch of the dungeon, and saw 2 of its levels.


Innate Abilities, Weirdness & Mutations

You are too large for most types of armour.
You have claws for hands.
Your natural rate of healing is unusually fast.
You are covered in fur. (AC +1)
You have tough skin. (AC +1)


   Skills:
 - Level 2.4 Fighting
 - Level 1.5 Dodging
 - Level 2.7 Stealth
 + Level 2.8 Unarmed Combat


You had one spell level left.
You didn't know any spells.
Your spell library was empty.

Inventory:

Armour
 a - a +0 robe (worn)
Wands
 f - a wand of digging (3)
Scrolls
 b - a scroll of fog
 c - a scroll of magic mapping {!r}
 d - a scroll of fear
 g - a scroll of immolation {unknown}
 h - a scroll of amnesia {unknown}

Dungeon Overview and Level Annotations

Branches:
Dungeon (6/15)
 Temple: D:4-7

Altars:

### #.. #.# #.#
#>. #z# #.#
##############z#
.............@z#
#######....######
#.....'....'......
#.#####....#######
#.# #....#
#.##########
#.........#
#########.# #.#


You could see 3 wights.


Message History

🤖 Initializing magus.rc ...
Options error: Delay interrupt name "hungry" not recognised. (~/.crawlrc:4761) Options error: Bad monster_list_colour key: strict_neutral (~/.crawlrc:4776) Bad channel name for runrest: 'pray:' ✅ Successfully initialized magus.rc [v1.9.6] Welcome, spaghetti the Troll Delver.
They say the Orb of Zot lies within this dungeon, but they say a lot of things.
Press ? for a list of commands and other information.
Found a stone staircase leading down.
An adder comes into view.
The adder hisses angrily.
An adder is nearby!
You claw the adder! The adder closely misses you.
You miss the adder. The adder bites you.
You are poisoned.
The adder poisons you!
The adder bites you but does no damage. 😕 HP[-1]
You take 1 damage, and now have 21/22 hp.
You barely miss the adder.
You feel sick. The adder barely misses you. 😕 HP[-1]
You take 1 damage, and now have 20/22 hp.
You claw the adder!
You kill the adder!
You feel sick.
You have reached level 2! 😕 HP[+7] MP[+1]
You now have 29 max hp (+7).
You regained 7 hp, and now have 27/29 hp.
Your mp is fully restored (1).
You feel sick. 😕 HP[-1]
You take 1 damage, and now have 26/29 hp.
You feel sick.
You feel sick.
You are no longer poisoned. 😕 HP[+1] 😕 HP[+1]
There is a stone staircase leading down here. 😎 HP[+1]
Your hp is fully restored (29).
You climb downwards.
You hear the hiss of flowing sand.
There is an entrance to an ossuary on this level.
Hurry and find it before the portal is buried!
There is a stone staircase leading up here.
Unknown command.
Unknown command.
Found an escape hatch in the ceiling.
g - a scroll labelled JIESAU LAPAOQO You open the door.
There is an open door here.
h - a scroll labelled UQAUGAIDGHI You hear the slow hiss of an avalanche of sand nearby.
As you open the door, it creaks loudly! 3 wights come into view.
Found a stone staircase leading down.
There are monsters nearby!
There are monsters nearby!
You feel yourself speed up.
The wight hits you with a +2 short sword.
You feel drained. 😕 HP[-6]
You now have 28 max hp (-1).
You take 6 damage, and now have 23/28 hp.
MASSIVE DAMAGE!! (PAUSE)
You scratch the wight but do no damage. 😕 HP[+1]
You closely miss the wight.
The wight hits you with a +2 short sword.
You feel drained. 😮 HP[-5]
You now have 27 max hp (-1).
You take 5 damage, and now have 19/27 hp.
You scratch the wight. 😮 HP[+1] 😕 HP[+1]
You claw the wight! The wight hits you with a +0 dagger!
The wight barely misses you. 😮 HP[-7]
You take 7 damage, and now have 14/27 hp.
MASSIVE DAMAGE!! (PAUSE)
The wight hits you with a +2 short sword.
* * * LOW HITPOINT WARNING * * *
You feel drained. 😨 HP[-4]
You now have 26 max hp (-1).
You take 4 damage, and now have 10/26 hp.
Are you sure you want to abandon this character and quit the game? (Confirm with "yes".)

Action                   || total
-------------------------++-------
Melee: Unarmed           ||     8
  Use: Potion            ||     1
Armor: Robe              ||     1
Dodge: Dodged            ||     3

Levels and vault maps discovered:
D:5:      layout_loops_cross
D:6:      layout_basic, enter_ossuary_4, serial_bayou_ford_a

Notes
Turn   | Place    | Note
-------+----------+-------------------------------------------
     0 | D:5      | spaghetti the Troll Delver began the quest for the Orb.
     0 | D:5      | Reached XP level 1. HP: 22/22 MP: 0/0
     0 | D:5      | magus.rc [v1.9.6]
    10 | D:5      | Reached XP level 2. HP: 27/29 MP: 1/1
    73 | D:6      | Noticed a wight
    73 | D:6      | Noticed a wight
    73 | D:6      | Noticed a wight
    81 | D:6      | Quit the game

Vanquished Creatures
  An adder (D:5)
1 creature vanquished.

Table legend:
 A = Non-vault XP
 B = Vault XP
 C = Vault XP percentage of total XP
 D = Non-vault monster count
 E = Vault monster count
 F = Vault count percentage of total count
                 A         B        C        D         E       F
            +---------+---------+-------+---------+---------+-------
      Total |      14 |       0 |   0.0 |       1 |       0 |   0.0
            +---------+---------+-------+---------+---------+-------
        D:5 |      14 |       0 |   0.0 |       1 |       0 |   0.0
            +---------+---------+-------+---------+---------+-------

Illustrated notes

Table legend:
 A = Kills in this place as a percentage of kills in entire the game.
 B = Kills by you in this place as a percentage of kills by you in the entire game.
 C = Kills by friends in this place as a percentage of kills by friends in the entire game.
 D = Other kills in this place as a percentage of other kills in the entire game.
 E = Experience gained in this place as a percentage of experience gained in the entire game.
 F = Experience gained in this place divided by the number of levels of this place that you have seen.
                   A       B       C       D       E      F
               +-------+-------+-------+-------+-------+----------------------
         Total | 100.0 | 100.0 |   N/A |   N/A | 100.0 |   7.0
       Dungeon | 100.0 | 100.0 |   N/A |   N/A | 100.0 |   7.0
               +-------+-------+-------+-------+-------+----------------------

Table legend: (Time is in decaauts)
 A = Elapsed time spent in this place.
 B = Non-inter-level travel time spent in this place.
 C = Inter-level travel time spent in this place.
 D = Time resting spent in this place.
 E = Time spent auto-exploring this place.
 F = Levels seen in this place.
 G = Mean time per level.
                   A        B        C        D        E       F      G
               +--------+--------+--------+--------+--------+-----+--------+
         Total |     78 |     78 |      0 |      0 |     54 |   2 |   39.0 |
       Dungeon |     78 |     78 |      0 |      0 |     54 |   2 |   39.0 |
               +--------+--------+--------+--------+--------+-----+--------+

Top non-repeatable levels by time:
     D:6: 61 daAuts
     D:5: 16 daAuts
